 Dungeon Crawl Stone Soup version 0.30.0-15-g856e2d3f33 (webtiles) character file.

Game seed: 7377943511220798776

3087 qw the Cleaver (level 9, -6/55 HPs)
             Began as a Gargoyle Fighter on May 20, 2023.
             Shot with an arrow by a centaur (10 damage)
             ... on level 7 of the Dungeon.
             The game lasted 00:03:18 (5579 turns).

qw the Cleaver (Gargoyle Fighter)                   Turns: 5579, Time: 00:03:18

Health: -6/55      AC: 24    Str: 24    XL:     9   Next: 89%
Magic:  9/9        EV:  7    Int:  9    God:
Gold:   352        SH:  4    Dex:  9    Spells: 8/8 levels left

rFire   . . .        Y - +2 war axe
rCold   . . .        c - +0 buckler
rNeg    + . .        n - +0 plate armour
rPois   inf          j - +0 helmet
rElec   +            h - +0 cloak
rCorr   +            g - +0 pair of gloves
SInv    .            l - +0 pair of boots
Will    .....        (no amulet) Stlth
                     e - ring of resist corrosion
HPRegen 0.29/turn    (no ring)
MPRegen 0.11/turn

%: no passive effects
@: about to teleport
A: sickness immunity, AC +6, negative energy resistance 1, electricity
resistance, torment resistance 1, petrification resistance
a: no special abilities


You were on level 7 of the Dungeon.
You visited 2 branches of the dungeon, and saw 8 of its levels.

You collected 352 gold pieces.


Innate Abilities, Weirdness & Mutations

You are immune to sickness and miasma.
Your stone body is resilient. (AC +6)
You are immune to poison.
You resist negative energy. (rN+)
You are resistant to electric shocks. (rElec)
You are resistant to unholy torment.
You are immune to petrification.


   Skills:
 + Level 6.0 Fighting
 - Level 12.9 Axes
 - Level 1.2 Throwing
 - Level 6.1 Armour
 - Level 1.2 Dodging
 - Level 5.2 Shields


You had 8 spell levels left.
You didn't know any spells.
Your spell library was empty.

Inventory:

Hand Weapons
 p - a +1 flail of protection
 Y - a +2 war axe (weapon)
Missiles
 o - 4 boomerangs (quivered)
Armour
 c - a +0 buckler (worn)
 g - a +0 pair of gloves (worn)
 h - a +0 cloak (worn)
 j - a +0 helmet (worn)
 l - a +0 pair of boots (worn)
 n - a +0 plate armour (worn)
Jewellery
 e - a ring of resist corrosion (left hand)
 i - a ring of fire
Scrolls
 f - a scroll of teleportation
 m - a scroll of identify
Potions
 a - a potion of cancellation
 b - 2 potions of attraction
 d - 2 potions of might
 q - a potion of lignification

Dungeon Overview and Level Annotations

Branches:
Dungeon (7/15)             Temple (1/1) D:5

Altars:
Ashenzari
Cheibriados
Dithmenos
Elyvilon
Gozag
Hepliaklqana
Kikubaaqudgha
Makhleb
Nemelex Xobeh
Sif Muna
Trog
Wu Jian
Xom
Zin
The Shining One

Shops:
D:6 [

Annotations:
D:1 2 transporters
D:5 3 runed translucent doors, qw's ghost, novice GrFi
D:6 2 transporters, qw's ghost, novice GrCA


Message History

You closely miss the water moccasin.
The centaur shoots an arrow.
The arrow hits you! The arrow freezes you. The water moccasin bites you.
The centaur shoots an arrow.
The arrow hits you but does no damage.
You miss the water moccasin.
The water moccasin bites you but does no damage.
The centaur shoots an arrow.
The arrow hits you but does no damage.
You barely miss the water moccasin. You block the water moccasin's attack.
The centaur shoots an arrow.
The arrow hits you but does no damage.
You miss the water moccasin.
The water moccasin bites you but does no damage.
The centaur shoots an arrow.
You block the arrow.
The water moccasin bites you but does no damage.
The centaur shoots an arrow.
You block the arrow.
You completely miss the water moccasin.
The centaur shoots an arrow.
The arrow hits you! The arrow freezes you.
The water moccasin barely misses you.
You miss the water moccasin.
The centaur shoots an arrow.
The arrow hits you! The arrow freezes you.
You block the water moccasin's attack.
You barely miss the water moccasin.
The centaur shoots an arrow.
The arrow hits you. The arrow freezes you.
The water moccasin bites you but does no damage.
The centaur shoots an arrow.
The arrow hits you. The arrow freezes you.
The water moccasin closely misses you.
5577 ||| READING 2 scrolls of teleportation.
As you read the scroll of teleportation, it crumbles to dust.
You feel strangely unstable.
The centaur shoots an arrow.
The arrow hits you but does no damage.
The water moccasin bites you but does no damage.
You hit the water moccasin.
The water moccasin is lightly wounded.
The water moccasin barely misses you.
The centaur shoots an arrow.
You block the arrow.
You hit the water moccasin.
The water moccasin is lightly wounded.
The water moccasin bites you but does no damage.
The centaur shoots an arrow.
The arrow hits you!
You die...

.~. ...... ~..
###...... ..
#........
..#........
.#........
.......#
#......#
#.#.####<.....#
#.....S@.c....#
.........###.##
##.......# #
.......[.#
##.......#
#.......#
#.?.....#
#....$..#


You could see a water moccasin and a centaur.

Vanquished Creatures
  Pikel (D:6)
  Grinder (D:3)
  Sigmund (D:3)
  Eustachio (D:6)
  A steam dragon (D:6)
  Menkaure (D:5)
  An ice beast (D:6)
  2 black bears (D:6)
  A centaur (D:5)
  2 lemures (D:6)
  A bullfrog (D:6)
  4 wights (D:6)
  3 hounds
  6 orc priests
  2 iguanas (D:5)
  4 orc wizards (D:6)
  Robin (D:3)
  6 gnolls
  5 adders
  A shadow imp (D:6)
  A white imp (D:6)
  2 ufetubi
  A worm (D:5)
  A dart slug (D:1)
  11 orcs
  9 ball pythons
  6 bats
  A bat zombie (D:4)
  11 endoplasms
  4 giant cockroaches
  19 goblins
  6 hobgoblins
  4 quokkas
  5 frilled lizards
  9 kobolds
  6 rats
  A rat zombie (D:4)
142 creatures vanquished.

Vanquished Creatures (others)
  A howler monkey (D:6)
1 creature vanquished.

Grand Total: 143 creatures vanquished

Notes
Turn   | Place    | Note
-------+----------+-------------------------------------------
     0 | D:1      | qw the Gargoyle Fighter began the quest for the Orb.
     0 | D:1      | Reached XP level 1. HP: 14/14 MP: 1/1
     0 | D:1      | 0 ||| qw: Version: 0.2-a-97-g499787f
     0 | D:1      | 0 ||| qw: Game counter: 43
     0 | D:1      | 0 ||| qw: Always use a shield: true
     0 | D:1      | 0 ||| qw: God list: Okawaru
     0 | D:1      | 0 ||| qw: Allow faded altars: false
     0 | D:1      | 0 ||| qw: Do Orc after D:15 true
     0 | D:1      | 0 ||| qw: Do second Lair branch before Depths: true
     0 | D:1      | 0 ||| qw: Lair rune preference: random
     0 | D:1      | 0 ||| qw: Plans: Normal, Zot:1-4, God:TSO, Crypt, Tomb,
                  | Pan, Slime:5, Hells, Abyss, Win
     0 | D:1      | 0 ||| PLANNING D:1-11
    23 | D:1      | 23 ||| Stepping ~*~*~tactically~*~*~ (hiding).
    24 | D:1      | 24 ||| Stepping ~*~*~tactically~*~*~ (hiding).
    32 | D:1      | Reached skill level 2 in Axes
    89 | D:1      | Reached XP level 2. HP: 19/19 MP: 2/2
   269 | D:1      | 269 ||| DROPPING +0 club.
   314 | D:1      | Reached skill level 3 in Axes
   326 | D:1      | You fall into a shaft and drop 1 floor!
   332 | D:2      | 332 ||| Stepping ~*~*~tactically~*~*~ (stealth).
   353 | D:2      | Reached XP level 3. HP: 23/23 MP: 3/3
   451 | D:2      | 451 ||| UPGRADING to +0 pair of gloves.
   456 | D:2      | 456 ||| UPGRADING to +0 cloak.
   461 | D:2      | 461 ||| READING scroll labelled MAXOKE CISUM.
   562 | D:2      | 562 ||| READING scroll labelled MATEUM YCEM.
   563 | D:2      | 563 ||| READING scroll labelled ICEOLO XO JUS.
   638 | D:1      | 638 ||| Stepping ~*~*~tactically~*~*~ (hiding).
   640 | D:1      | 640 ||| Stepping ~*~*~tactically~*~*~ (hiding).
   767 | D:1      | Found a faded altar of an unknown god.
   933 | D:1      | 933 ||| UPGRADING to ring of resist corrosion.
   934 | D:1      | 934 ||| READING scroll labelled VOMEYZ ISKIN.
  1440 | D:2      | 1440 ||| READING 3 scrolls labelled MEODEMO BYS FODGH.
  1444 | D:2      | 1444 ||| READING scroll labelled GASALO OCIAL.
  1445 | D:2      | 1445 ||| READING 2 scrolls labelled JYEMISEFIZ.
  1446 | D:2      | 1446 ||| READING scroll labelled HOCWIO VI UVVO.
  1447 | D:2      | 1447 ||| DRINKING 2 fuming white potions.
  1448 | D:2      | 1448 ||| DROPPING scroll of immolation.
  1588 | D:2      | 1588 ||| READING scroll labelled YTTEOSURASCH.
  1660 | D:3      | Noticed Robin
  1676 | D:3      | Reached XP level 4. HP: 18/28 MP: 4/4
  1677 | D:3      | Killed Robin
  1727 | D:3      | 1727 ||| Stepping ~*~*~tactically~*~*~ (stealth).
  1729 | D:3      | 1729 ||| Stepping ~*~*~tactically~*~*~ (stealth).
  1731 | D:3      | 1731 ||| Stepping ~*~*~tactically~*~*~ (stealth).
  1733 | D:3      | 1733 ||| Stepping ~*~*~tactically~*~*~ (stealth).
  1735 | D:3      | 1735 ||| Stepping ~*~*~tactically~*~*~ (hiding).
  1737 | D:3      | 1737 ||| Stepping ~*~*~tactically~*~*~ (hiding).
  1767 | D:3      | Reached skill level 4 in Axes
  1768 | D:3      | Noticed Sigmund
  1769 | D:3      | 1769 ||| Stepping ~*~*~tactically~*~*~ (hiding).
  1771 | D:3      | 1771 ||| Stepping ~*~*~tactically~*~*~ (hiding).
  1772 | D:3      | 1772 ||| Stepping ~*~*~tactically~*~*~ (hiding).
  1778 | D:3      | Killed Sigmund
  1779 | D:3      | Reached skill level 5 in Axes
  1779 | D:3      | Reached XP level 5. HP: 25/32 MP: 5/5
  1871 | D:3      | Noticed Grinder
  1872 | D:3      | 1872 ||| Stepping ~*~*~tactically~*~*~ (hiding).
  1873 | D:3      | 1873 ||| Stepping ~*~*~tactically~*~*~ (hiding).
  1877 | D:3      | 1877 ||| Stepping ~*~*~tactically~*~*~ (hiding).
  1884 | D:3      | 1884 ||| Stepping ~*~*~tactically~*~*~ (hiding).
  1892 | D:3      | Killed Grinder
  1893 | D:3      | Reached XP level 6. HP: 33/40 MP: 6/6
  1975 | D:3      | 1975 ||| UPGRADING to +0 helmet.
  1980 | D:3      | 1980 ||| UPGRADING to +0 pair of boots.
  1985 | D:3      | 1985 ||| UPGRADING to +0 plate armour.
  1988 | D:3      | 1988 ||| UPGRADING to +0 plate armour.
  1989 | D:3      | 1989 ||| UPGRADING to +0 plate armour.
  1991 | D:3      | 1991 ||| UPGRADING to +0 plate armour.
  1994 | D:3      | 1994 ||| UPGRADING to +0 plate armour.
  1995 | D:3      | 1995 ||| UPGRADING to +0 plate armour.
  1996 | D:3      | 1996 ||| UPGRADING to +0 plate armour.
  1998 | D:3      | 1998 ||| UPGRADING to +0 plate armour.
  1999 | D:3      | 1999 ||| UPGRADING to +0 plate armour.
  2000 | D:3      | 2000 ||| UPGRADING to +0 plate armour.
  2001 | D:3      | 2001 ||| UPGRADING to +0 plate armour.
  2002 | D:3      | 2002 ||| UPGRADING to +0 plate armour.
  2004 | D:3      | 2004 ||| UPGRADING to +0 plate armour.
  2005 | D:3      | 2005 ||| UPGRADING to +0 plate armour.
  2006 | D:3      | 2006 ||| UPGRADING to +0 plate armour.
  2007 | D:3      | 2007 ||| UPGRADING to +0 plate armour.
  2008 | D:3      | 2008 ||| UPGRADING to +0 plate armour.
  2009 | D:3      | 2009 ||| UPGRADING to +0 plate armour.
  2010 | D:3      | 2010 ||| UPGRADING to +0 plate armour.
  2011 | D:3      | 2011 ||| UPGRADING to +0 plate armour.
  2013 | D:3      | 2013 ||| UPGRADING to +0 plate armour.
  2015 | D:3      | 2015 ||| UPGRADING to +0 plate armour.
  2016 | D:3      | 2016 ||| UPGRADING to +0 plate armour.
  2018 | D:3      | 2018 ||| UPGRADING to +0 plate armour.
  2023 | D:3      | 2023 ||| UPGRADING to +0 scale mail.
  2028 | D:3      | 2028 ||| UPGRADING to +0 plate armour.
  2029 | D:3      | 2029 ||| UPGRADING to +0 plate armour.
  2030 | D:3      | 2030 ||| UPGRADING to +0 plate armour.
  2031 | D:3      | 2031 ||| UPGRADING to +0 plate armour.
  2032 | D:3      | 2032 ||| UPGRADING to +0 plate armour.
  2033 | D:3      | 2033 ||| UPGRADING to +0 plate armour.
  2034 | D:3      | 2034 ||| UPGRADING to +0 plate armour.
  2036 | D:3      | 2036 ||| UPGRADING to +0 plate armour.
  2037 | D:3      | 2037 ||| UPGRADING to +0 plate armour.
  2040 | D:3      | 2040 ||| UPGRADING to +0 plate armour.
  2041 | D:3      | 2041 ||| UPGRADING to +0 plate armour.
  2043 | D:3      | 2043 ||| UPGRADING to +0 plate armour.
  2045 | D:3      | 2045 ||| UPGRADING to +0 plate armour.
  2047 | D:3      | 2047 ||| UPGRADING to +0 plate armour.
  2049 | D:3      | 2049 ||| UPGRADING to +0 plate armour.
  2051 | D:3      | 2051 ||| UPGRADING to +0 plate armour.
  2052 | D:3      | 2052 ||| UPGRADING to +0 plate armour.
  2053 | D:3      | 2053 ||| UPGRADING to +0 plate armour.
  2054 | D:3      | 2054 ||| UPGRADING to +0 plate armour.
  2055 | D:3      | 2055 ||| UPGRADING to +0 plate armour.
  2056 | D:3      | 2056 ||| UPGRADING to +0 plate armour.
  2057 | D:3      | 2057 ||| UPGRADING to +0 plate armour.
  2060 | D:3      | 2060 ||| UPGRADING to +0 plate armour.
  2062 | D:3      | 2062 ||| UPGRADING to +0 plate armour.
  2063 | D:3      | 2063 ||| UPGRADING to +0 plate armour.
  2065 | D:3      | 2065 ||| UPGRADING to +0 plate armour.
  2066 | D:3      | 2066 ||| UPGRADING to +0 plate armour.
  2067 | D:3      | 2067 ||| UPGRADING to +0 plate armour.
  2068 | D:3      | 2068 ||| UPGRADING to +0 plate armour.
  2069 | D:3      | 2069 ||| UPGRADING to +0 plate armour.
  2070 | D:3      | 2070 ||| UPGRADING to +0 plate armour.
  2071 | D:3      | 2071 ||| UPGRADING to +0 plate armour.
  2073 | D:3      | 2073 ||| UPGRADING to +0 plate armour.
  2074 | D:3      | 2074 ||| UPGRADING to +0 plate armour.
  2075 | D:3      | 2075 ||| UPGRADING to +0 plate armour.
  2076 | D:3      | 2076 ||| UPGRADING to +0 plate armour.
  2077 | D:3      | 2077 ||| UPGRADING to +0 plate armour.
  2082 | D:3      | 2082 ||| UPGRADING to +0 scale mail.
  2087 | D:3      | 2087 ||| UPGRADING to +0 plate armour.
  2088 | D:3      | 2088 ||| UPGRADING to +0 plate armour.
  2089 | D:3      | 2089 ||| UPGRADING to +0 plate armour.
  2094 | D:3      | 2094 ||| UPGRADING to +0 scale mail.
  2099 | D:3      | 2099 ||| UPGRADING to +0 plate armour.
  2100 | D:3      | 2100 ||| UPGRADING to +0 plate armour.
  2101 | D:3      | 2101 ||| UPGRADING to +0 plate armour.
  2103 | D:3      | 2103 ||| UPGRADING to +0 plate armour.
  2104 | D:3      | 2104 ||| UPGRADING to +0 plate armour.
  2105 | D:3      | 2105 ||| UPGRADING to +0 plate armour.
  2106 | D:3      | 2106 ||| UPGRADING to +0 plate armour.
  2107 | D:3      | 2107 ||| UPGRADING to +0 plate armour.
  2109 | D:3      | 2109 ||| UPGRADING to +0 plate armour.
  2110 | D:3      | 2110 ||| UPGRADING to +0 plate armour.
  2113 | D:3      | 2113 ||| UPGRADING to +0 plate armour.
  2114 | D:3      | 2114 ||| UPGRADING to +0 plate armour.
  2115 | D:3      | 2115 ||| UPGRADING to +0 plate armour.
  2116 | D:3      | 2116 ||| UPGRADING to +0 plate armour.
  2118 | D:3      | 2118 ||| UPGRADING to +0 plate armour.
  2119 | D:3      | 2119 ||| UPGRADING to +0 plate armour.
  2122 | D:3      | 2122 ||| UPGRADING to +0 plate armour.
  2123 | D:3      | 2123 ||| UPGRADING to +0 plate armour.
  2124 | D:3      | 2124 ||| UPGRADING to +0 plate armour.
  2129 | D:3      | 2129 ||| UPGRADING to +0 scale mail.
  2134 | D:3      | 2134 ||| UPGRADING to +0 plate armour.
  2136 | D:3      | 2136 ||| UPGRADING to +0 plate armour.
  2139 | D:3      | 2139 ||| UPGRADING to +0 plate armour.
  2141 | D:3      | 2141 ||| UPGRADING to +0 plate armour.
  2143 | D:3      | 2143 ||| UPGRADING to +0 plate armour.
  2144 | D:3      | 2144 ||| UPGRADING to +0 plate armour.
  2145 | D:3      | 2145 ||| UPGRADING to +0 plate armour.
  2146 | D:3      | 2146 ||| UPGRADING to +0 plate armour.
  2147 | D:3      | 2147 ||| UPGRADING to +0 plate armour.
  2150 | D:3      | 2150 ||| UPGRADING to +0 plate armour.
  2152 | D:3      | 2152 ||| UPGRADING to +0 plate armour.
  2153 | D:3      | 2153 ||| UPGRADING to +0 plate armour.
  2155 | D:3      | 2155 ||| UPGRADING to +0 plate armour.
  2156 | D:3      | 2156 ||| UPGRADING to +0 plate armour.
  2158 | D:3      | 2158 ||| UPGRADING to +0 plate armour.
  2160 | D:3      | 2160 ||| UPGRADING to +0 plate armour.
  2163 | D:3      | 2163 ||| UPGRADING to +0 plate armour.
  2164 | D:3      | 2164 ||| UPGRADING to +0 plate armour.
  2165 | D:3      | 2165 ||| UPGRADING to +0 plate armour.
  2168 | D:3      | 2168 ||| UPGRADING to +0 plate armour.
  2169 | D:3      | 2169 ||| UPGRADING to +0 plate armour.
  2170 | D:3      | 2170 ||| UPGRADING to +0 plate armour.
  2171 | D:3      | 2171 ||| UPGRADING to +0 plate armour.
  2172 | D:3      | 2172 ||| UPGRADING to +0 plate armour.
  2173 | D:3      | 2173 ||| UPGRADING to +0 plate armour.
  2174 | D:3      | 2174 ||| UPGRADING to +0 plate armour.
  2176 | D:3      | 2176 ||| UPGRADING to +0 plate armour.
  2178 | D:3      | 2178 ||| UPGRADING to +0 plate armour.
  2179 | D:3      | 2179 ||| UPGRADING to +0 plate armour.
  2181 | D:3      | 2181 ||| UPGRADING to +0 plate armour.
  2182 | D:3      | 2182 ||| UPGRADING to +0 plate armour.
  2183 | D:3      | 2183 ||| UPGRADING to +0 plate armour.
  2185 | D:3      | 2185 ||| UPGRADING to +0 plate armour.
  2186 | D:3      | 2186 ||| UPGRADING to +0 plate armour.
  2189 | D:3      | 2189 ||| UPGRADING to +0 plate armour.
  2190 | D:3      | 2190 ||| UPGRADING to +0 plate armour.
  2193 | D:3      | 2193 ||| UPGRADING to +0 plate armour.
  2195 | D:3      | 2195 ||| UPGRADING to +0 plate armour.
  2196 | D:3      | 2196 ||| UPGRADING to +0 plate armour.
  2198 | D:3      | 2198 ||| UPGRADING to +0 plate armour.
  2200 | D:3      | 2200 ||| UPGRADING to +0 plate armour.
  2201 | D:3      | 2201 ||| UPGRADING to +0 plate armour.
  2202 | D:3      | 2202 ||| UPGRADING to +0 plate armour.
  2203 | D:3      | 2203 ||| UPGRADING to +0 plate armour.
  2205 | D:3      | 2205 ||| UPGRADING to +0 plate armour.
  2206 | D:3      | 2206 ||| UPGRADING to +0 plate armour.
  2207 | D:3      | 2207 ||| UPGRADING to +0 plate armour.
  2208 | D:3      | 2208 ||| UPGRADING to +0 plate armour.
  2209 | D:3      | 2209 ||| UPGRADING to +0 plate armour.
  2210 | D:3      | 2210 ||| UPGRADING to +0 plate armour.
  2211 | D:3      | 2211 ||| UPGRADING to +0 plate armour.
  2212 | D:3      | 2212 ||| UPGRADING to +0 plate armour.
  2215 | D:3      | 2215 ||| UPGRADING to +0 plate armour.
  2217 | D:3      | 2217 ||| UPGRADING to +0 plate armour.
  2218 | D:3      | 2218 ||| UPGRADING to +0 plate armour.
  2219 | D:3      | 2219 ||| UPGRADING to +0 plate armour.
  2224 | D:3      | 2224 ||| UPGRADING to +0 scale mail.
  2229 | D:3      | 2229 ||| UPGRADING to +0 plate armour.
  2234 | D:3      | 2234 ||| UPGRADING to +0 scale mail.
  2239 | D:3      | 2239 ||| UPGRADING to +0 plate armour.
  2240 | D:3      | 2240 ||| UPGRADING to +0 plate armour.
  2241 | D:3      | 2241 ||| UPGRADING to +0 plate armour.
  2242 | D:3      | 2242 ||| UPGRADING to +0 plate armour.
  2243 | D:3      | 2243 ||| UPGRADING to +0 plate armour.
  2245 | D:3      | 2245 ||| UPGRADING to +0 plate armour.
  2247 | D:3      | 2247 ||| UPGRADING to +0 plate armour.
  2248 | D:3      | 2248 ||| UPGRADING to +0 plate armour.
  2250 | D:3      | 2250 ||| UPGRADING to +0 plate armour.
  2251 | D:3      | 2251 ||| UPGRADING to +0 plate armour.
  2252 | D:3      | 2252 ||| UPGRADING to +0 plate armour.
  2254 | D:3      | 2254 ||| UPGRADING to +0 plate armour.
  2255 | D:3      | 2255 ||| UPGRADING to +0 plate armour.
  2260 | D:3      | 2260 ||| UPGRADING to +0 scale mail.
  2265 | D:3      | 2265 ||| UPGRADING to +0 plate armour.
  2268 | D:3      | 2268 ||| UPGRADING to +0 plate armour.
  2269 | D:3      | 2269 ||| UPGRADING to +0 plate armour.
  2270 | D:3      | 2270 ||| UPGRADING to +0 plate armour.
  2271 | D:3      | 2271 ||| UPGRADING to +0 plate armour.
  2272 | D:3      | 2272 ||| UPGRADING to +0 plate armour.
  2273 | D:3      | 2273 ||| UPGRADING to +0 plate armour.
  2275 | D:3      | 2275 ||| UPGRADING to +0 plate armour.
  2276 | D:3      | 2276 ||| UPGRADING to +0 plate armour.
  2277 | D:3      | 2277 ||| UPGRADING to +0 plate armour.
  2278 | D:3      | 2278 ||| UPGRADING to +0 plate armour.
  2283 | D:3      | 2283 ||| UPGRADING to +0 scale mail.
  2288 | D:3      | 2288 ||| UPGRADING to +0 plate armour.
  2289 | D:3      | 2289 ||| UPGRADING to +0 plate armour.
  2290 | D:3      | 2290 ||| UPGRADING to +0 plate armour.
  2292 | D:3      | 2292 ||| UPGRADING to +0 plate armour.
  2293 | D:3      | 2293 ||| UPGRADING to +0 plate armour.
  2295 | D:3      | 2295 ||| UPGRADING to +0 plate armour.
  2297 | D:3      | 2297 ||| UPGRADING to +0 plate armour.
  2298 | D:3      | 2298 ||| UPGRADING to +0 plate armour.
  2301 | D:3      | 2301 ||| UPGRADING to +0 plate armour.
  2302 | D:3      | 2302 ||| UPGRADING to +0 plate armour.
  2303 | D:3      | 2303 ||| UPGRADING to +0 plate armour.
  2306 | D:3      | 2306 ||| UPGRADING to +0 plate armour.
  2307 | D:3      | 2307 ||| UPGRADING to +0 plate armour.
  2308 | D:3      | 2308 ||| UPGRADING to +0 plate armour.
  2309 | D:3      | 2309 ||| UPGRADING to +0 plate armour.
  2310 | D:3      | 2310 ||| UPGRADING to +0 plate armour.
  2311 | D:3      | 2311 ||| UPGRADING to +0 plate armour.
  2312 | D:3      | 2312 ||| UPGRADING to +0 plate armour.
  2313 | D:3      | 2313 ||| UPGRADING to +0 plate armour.
  2314 | D:3      | 2314 ||| UPGRADING to +0 plate armour.
  2315 | D:3      | 2315 ||| UPGRADING to +0 plate armour.
  2317 | D:3      | 2317 ||| UPGRADING to +0 plate armour.
  2318 | D:3      | 2318 ||| UPGRADING to +0 plate armour.
  2321 | D:3      | 2321 ||| UPGRADING to +0 plate armour.
  2331 | D:3      | 2331 ||| DROPPING +0 scale mail.
  2482 | D:3      | Reached XP level 7. HP: 44/44 MP: 7/7
  2566 | D:3      | Found a shimmering altar of Xom.
  2634 | D:3      | Found an opulent altar of Gozag.
  2885 | D:3      | 2885 ||| Stepping ~*~*~tactically~*~*~ (stealth).
  2957 | D:3      | 2957 ||| READING scroll labelled BUURUQUGIO.
  3015 | D:4      | Found a white marble altar of Elyvilon.
  3035 | D:4      | 3035 ||| DROPPING +0 whip.
  3040 | D:4      | 3040 ||| READING scroll of enchant weapon.
  3040 | D:4      | 3040 ||| ENCHANTING +1 war axe.
  3062 | D:4      | 3062 ||| Stepping ~*~*~tactically~*~*~ (hiding).
  3148 | D:4      | Found an ornate altar of the Wu Jian Council.
  3332 | D:4      | Reached skill level 6 in Axes
  3334 | D:4      | 3334 ||| DROPPING +0 flail.
  3498 | D:4      | Found an ancient bone altar of Kikubaaqudgha.
  3529 | D:4      | Found a shadowy altar of Dithmenos.
  3619 | D:4      | 3619 ||| READING 3 scrolls of identify.
  3619 | D:4      | 3619 ||| IDENTIFYING metallic green potion
  3620 | D:4      | 3620 ||| READING 2 scrolls of identify.
  3620 | D:4      | 3620 ||| IDENTIFYING ruby potion
  3621 | D:4      | 3621 ||| DRINKING potion of experience.
  3621 | D:4      | Reached skill level 12 in Axes
  3621 | D:4      | Reached XP level 8. HP: 50/50 MP: 8/8
  3645 | D:5      | Entered Level 5 of the Dungeon
  3645 | D:5      | Noticed Menkaure
  3659 | D:5      | Killed Menkaure
  3745 | D:5      | 3745 ||| Stepping ~*~*~tactically~*~*~ (stealth).
  3902 | D:5      | Found a runed translucent gate.
  3903 | D:5      | Found a runed translucent gate.
  3904 | D:5      | Found a runed translucent gate.
  3905 | D:5      | Noticed qw's ghost (novice GrFi)
  4030 | D:5      | Found a staircase to the Ecumenical Temple.
  4031 | D:5      | 4031 ||| PLANNING TEMPLE
  4031 | D:5      | 4031 ||| READING 3 scrolls of identify.
  4031 | D:5      | 4031 ||| IDENTIFYING coppery potion
  4040 | Temple   | Entered the Ecumenical Temple
  4133 | Temple   | 4133 ||| PLANNING D:1-11
  4232 | D:5      | 4232 ||| Stepping ~*~*~tactically~*~*~ (hiding).
  4337 | D:5      | Found a hazy altar of Hepliaklqana.
  4566 | D:5      | Found a burning altar of Makhleb.
  4629 | D:5      | 4629 ||| READING 2 scrolls of identify.
  4629 | D:5      | 4629 ||| IDENTIFYING glowing grey potion
  4678 | D:6      | Reached skill level 1 in Dodging
  4678 | D:6      | Reached XP level 9. HP: 50/54 MP: 9/9
  4678 | D:6      | 4678 ||| Stepping ~*~*~tactically~*~*~ (hiding).
  4690 | D:6      | Reached skill level 1 in Throwing
  4833 | D:6      | 4833 ||| DRINKING potion of curing.
  4833 | D:6      | 4833 ||| (to cure confusion)
  4861 | D:6      | Reached skill level 6 in Fighting
  5026 | D:6      | Noticed qw's ghost (novice GrCA)
  5076 | D:6      | Found Oxtaq's Antique Armour Shoppe.
  5153 | D:6      | Noticed Eustachio
  5189 | D:6      | Killed Eustachio
  5383 | D:6      | 5383 ||| DRINKING 2 clear potions.
  5384 | D:6      | 5384 ||| DROPPING potion of flight.
  5395 | D:6      | Reached skill level 6 in Armour
  5461 | D:6      | Found a transporter.
  5464 | D:6      | Found a transporter.
  5471 | D:6      | Noticed Pikel
  5497 | D:6      | Killed Pikel
  5554 | D:6      | 5554 ||| READING scroll labelled NAIPLU ETOG.
  5576 | D:7      | HP: 12/55 [centaur/arrow (3)]
  5576 | D:7      | HP: 5/55 [centaur/arrow (6)]
  5577 | D:7      | 5577 ||| READING 2 scrolls of teleportation.
  5579 | D:7      | Shot with an arrow by a centaur

Levels and vault maps discovered:
D:1:      spicycebolla_arrival_transporter_tutorial, layout_rooms,
          chequers_ecumenical_altar_simple_redux, minmay_tetromino_l4
D:2:      minmay_door_path, layout_loops_cross
D:3:      layout_basic, mainiacjoe_overflow_catwalk_spiral, kennysheep_potato,
          uniq_grinder, uniq_robin, uniq_sigmund
D:4:      minmay_wonky_spiral, layout_cave_pools, elyvilon_altar_5,
          nicolae_dithmenos_through_a_glass_darkly,
          lemuel_zombie_altar_kikubaaqudgha, overflow_temple_1_default,
          minmay_fountain_box, grunt_ministairs_6
D:5:      layout_loops_cross, minmay_temple_entry_gardened_gates,
          ebering_ghost_rock_garden, chequers_jeans, hangedman_feature_mirror,
          uniq_menkaure
D:6:      layout_basic, serial_shops, kennysheep_mini_moat,
          gammafunk_ghost_arena, chequers_hall_statues_corner_a,
          interstate_on_off, minmay_statues_item, reono_crystal_passage,
          ebering_dispersal_statue_hall, minmay_a_box_with_orc_wizards_in_it,
          uniq_eustachio, uniq_pikel
D:7:      layout_basic, lemuel_round_altar, serial_rivers,
          chequers_serial_rivers_micro_c, chequers_serial_rivers_micro_d,
          chequers_serial_rivers_marsh, chequers_serial_rivers_marsh,
          chequers_serial_rivers_small_a, minmay_misc_feat_ornament,
          uniq_prince_ribbit1, uniq_duvessa
Temple:   kb_temple_of_zot

Skill      XL: |  1  2  3  4  5  6  7  8  9 |
---------------+----------------------------+-----
Axes           | 2 3 5 12 | 12.9
Fighting       | 5 6 |  6.0
Armour         | 4 5 6 |  6.1
Dodging        | 1 |  1.2
Throwing       | 1 |  1.2
Shields        | 5 |  5.2

Action                     |  1- 3 |  4- 6 |  7- 9 || total
---------------------------+-------+-------+-------++-------
  Melee: War axe           |   151 |    37 |   227 ||   415
  Throw: Boomerang         |       |       |    73 ||    73
    Use: Scroll            |     9 |       |     8 ||    17
         Potion            |     1 |       |     3 ||     4
 Armour: Scale mail        |    91 |   136 |       ||   227
         Skin              |       |    18 |       ||    18
         Plate armour      |       |     5 |   186 ||   191
  Dodge: Dodged            |    74 |   143 |    80 ||   297
  Block: Buckler           |    29 |    49 |    42 ||   120

Table legend:
 A = Non-vault XP
 B = Vault XP
 C = Vault XP percentage of total XP
 D = Non-vault monster count
 E = Vault monster count
 F = Vault count percentage of total count
                 A         B        C        D         E       F
            +---------+---------+-------+---------+---------+-------
      Total |    1834 |    1751 |  48.8 |     109 |      32 |  22.7
            +---------+---------+-------+---------+---------+-------
        D:1 |      37 |       6 |  14.0 |      22 |       4 |  15.4
        D:2 |      16 |       2 |  11.1 |      11 |       1 |   8.3
        D:3 |      95 |     533 |  84.9 |      22 |      13 |  37.1
        D:4 |     168 |       9 |   5.1 |      18 |       6 |  25.0
        D:5 |     389 |     215 |  35.6 |      18 |       3 |  14.3
        D:6 |    1129 |     986 |  46.6 |      18 |       5 |  21.7
            +---------+---------+-------+---------+---------+-------
